 Dungeon Crawl Stone Soup version 0.25-a0-435-g4b9beb1024 (webtiles) character file.

Game seed: 1118818821936997046, levelgen mode: deterministic

9670 Epan the Geomancer (level 11, -6/64 HPs)
             Began as a Gargoyle Earth Elementalist on Jan 27, 2020.
             Was a High Priest of Vehumet.
             Splashed by an acid dragon's acid (14 damage)
             ... on level 11 of the Dungeon.
             The game lasted 00:45:33 (10797 turns).

Epan the Geomancer (Gargoyle Earth Elementalist)   Turns: 10797, Time: 00:45:33

Health: -6/64      AC: 12    Str: 12    XL:     11   Next: 50%
Magic:  23/29      EV: 14    Int: 19    God:    Vehumet [*****.]
Gold:   226        SH:  0    Dex: 12    Spells: 5/22 levels left

rFire    + + +     SeeInvis .   g - +4 whip (elec)
rCold    . . .     Gourm    .   (no shield)
rNeg     + . .     Faith    .   C - +0 robe of Ykonosif {*Drain rF+++} (curse)
rPois    ∞         Spirit   .   (no helmet)
rElec    +         Reflect  .   v - +1 cloak
rCorr    .         Harm     .   (no gloves)
MR       .....                  (no boots)
Stlth    ++........             n - amulet of rage
HPRegen  0.20/turn              q - ring of magical power
MPRegen  0.21/turn              H - +2 ring of dexterity

@: slowed, very slow
A: negative energy resistance 1, electricity resistance, unbreathing,
petrification resistance, rot immunity, AC +8
a: Renounce Religion, Evoke Berserk Rage


You were on level 11 of the Dungeon.
You worshipped Vehumet.
Vehumet was extremely pleased with you.
You were hungry.

You visited 2 branches of the dungeon, and saw 12 of its levels.
You also visited: Ossuary.

You collected 706 gold pieces.
You spent 480 gold pieces at shops.

Inventory:

Hand Weapons
 g - a +4 whip of electrocution (weapon)
 u - a +0 flail
 E - a +1 flail of protection
 F - a +2 vorpal flail
Missiles
 b - 54 stones (quivered)
 o - 6 curare-tipped darts
Armour
 r - a +2 leather armour of fire resistance
 v - a +1 cloak (worn)
 C - the cursed +0 robe of Ykonosif (worn) {*Drain rF+++}
   (You found it on level 6 of the Dungeon)

   It renders you almost immune to fire.
   It causes draining when unequipped.
   If you remove this armour, your AC will fall 2 points (12 -> 10) It has a
   curse placed upon it.
 G - a +0 pair of boots of running
Magical Staves
 p - an uncursed staff of wizardry {unknown}
 M - an uncursed staff of fire {unknown}
Jewellery
 n - an amulet of rage (around neck)
 q - a ring of magical power (left hand)
 H - a +2 ring of dexterity (right hand)
Wands
 h - a wand of flame (21)
 I - a wand of iceblast (18)
 K - a wand of digging (5)
 L - a wand of clouds (6)
 N - a wand of paralysis (12)
Scrolls
 c - 3 scrolls of amnesia
 i - 3 scrolls of teleportation
 l - 3 scrolls of magic mapping
 m - 7 scrolls of remove curse
 y - 3 scrolls of enchant armour
 z - a scroll of fog
 J - a scroll of identify
Potions
 a - 2 potions of brilliance
 e - 2 potions of flight
 f - a potion of haste
 j - a potion of magic
 k - a potion of resistance
 s - 2 potions of curing
 t - 2 potions of lignification
 w - 4 potions of agility
 A - a potion of might
 B - a potion of cancellation
Miscellaneous
 D - a fan of gales
Comestibles
 d - 9 rations


   Skills:
 + Level 5.2 Fighting
 + Level 5.0 Maces & Flails
 + Level 5.4 Armour
 + Level 4.4 Dodging
 - Level 2.1 Stealth
 + Level 6.4 Spellcasting
 + Level 7.9 Conjurations
 - Level 5.0 Transmutations
 * Level 1.7 Fire Magic
 + Level 8.9 Earth Magic
 + Level 4.5 Evocations


You had 5 spell levels left.
You knew the following spells:

 Your Spells              Type           Power        Failure   Level  Hunger
a - Sandblast             Erth           #####.       1%          1    None
b - Stone Arrow           Conj/Erth      #####.       1%          3    ##.....
c - Lee's Rapid Deconstr  Erth           #####.....   2%          5    #####..
d - Passwall              Tmut/Erth      ####....     1%          2    None
f - Starburst             Conj/Fire      ###.......   47%         6    #######

Your spell library contained the following spells:

 Spells                   Type           Power        Failure   Level  Hunger
 Beastly Appendage        Tmut           ####..       1%          1    None
 Sticks to Snakes         Tmut           ####....     1%          2    None
 Petrify                  Tmut/Erth      ####....     6%          4    ####...
 Animate Skeleton         Necr           N/A          11%         1    None
 Apportation              Tloc           #.....       11%         1    None
 Corona                   Hex            #......      11%         1    None
 Pain                     Necr           #...         11%         1    None
 Summon Small Mammal      Summ           #...         11%         1    None
 Spider Form              Tmut/Pois      ###.......   12%         3    ##.....
 Vampiric Draining        Necr           #.........   32%         3    ##.....
 Ice Form                 Ice/Tmut       ###.....     36%         4    ####...
 Blade Hands              Tmut           ####......   36%         5    #####..
 Animate Dead             Necr           N/A          71%         4    ####...
 Agony                    Necr           #.......     96%         5    #####..


Dungeon Overview and Level Annotations

Branches:
Dungeon (11/15)            Temple (1/1) D:4             Orc (0/2) D:9
Ossuary (visited)
   Lair: D:8-11

Altars:
Ashenzari
Cheibriados
Dithmenos
Elyvilon
Fedhas
Gozag
Hepliaklqana
Kikubaaqudgha
Makhleb
Nemelex Xobeh
Okawaru
Qazlal
Ru
Sif Muna
Trog
Uskayaw
Vehumet
Wu Jian
Xom
Yredelemnul
Zin
The Shining One

Shops:
D:9 (*:

Annotations:
D:4 2 transporters, Anathary's ghost, amateur OpAs
D:11 2 runed translucent doors


Innate Abilities, Weirdness & Mutations

You are resistant to torment.
Your stone body is resilient. (AC +8)
You are immune to poison.
You resist negative energy. (rN+)
You are resistant to electric shocks. (rElec)
You can survive without breathing.
You are immune to petrification.
You are immune to rotting.


Message History

Vehumet accepts your kill.
You feel your power returning.
b - 55 stones The acid dragon roars!
Casting: Sandblast (safe; 1% risk of failure)
Confirm with . or Enter, or press ? or * to list all spells.
Aiming: Sandblast (safe; 1% risk of failure)
Press: ? - help, Shift-Dir - straight line, f - ogre
Aim: an ogre, wielding a +0 giant spiked club The blast of sand hits the ogre!
The ogre is heavily wounded.
b - 54 stones The ogre misses you.
Unknown command.
You feel much better. The acid dragon spits acid at you.
The splash of acid hits you!
* * * LOW HITPOINT WARNING * * *
You are splashed with acid!
You die...

.....^............
............##........
....$..............# .
.................##
8.##.......D....#.###
...........).##.+.
...........# .#.♣.
#.O.#.##..##.####
##@.## ##........#
#...####......⌠..
##...#...........
#..........# # ##
##...#.....#.#...
##.####..##.+.♣
####.......#
#.....##.# ###.>...#


You could see an acid dragon and an ogre.

Vanquished Creatures
  2 hydras
  Erica (D:11)
  A two-headed ogre (D:10)
  A hippogriff (D:11)
  Sigmund (D:6)
  A hungry ghost (D:9)
  2 wraiths
  A human (D:8)
  5 yaks (D:9)
  4 orc warriors
  2 sky beasts (D:5)
  2 ice beasts
  A black bear (D:8)
  4 necrophages (D:8)
  4 ogres
  6 centaurs
  2 bullfrogs
  3 elf zombies (Ossuary)
  A wyvern zombie (D:2)
  A scorpion (D:6)
  5 killer bees (D:10)
  17 wights
  3 centaur zombies
  4 howler monkeys
  2 bullfrog zombies
  3 crimson imps
  6 hounds
  2 jellies
  3 centaur skeletons
  13 orc priests
  A bullfrog skeleton (D:9)
  4 iguanas
  12 orc wizards
  5 worker ants
  A killer bee zombie (D:8)
  A hound skeleton (D:7)
  5 mummies
  A worker ant zombie (D:8)
  4 gnolls (D:2)
  9 adders
  2 oozes
  3 adder zombies
  5 worms
  4 dart slugs
  8 leopard geckos
  66 orcs
  3 giant cockroaches
  4 hobgoblins
  5 jackals
  7 quokkas
  A ball python (D:5)
  5 bats
  7 frilled lizards
  2 gnoll zombies (Ossuary)
  10 goblins
  2 hobgoblin zombies (Ossuary)
  9 kobolds
  2 kobold zombies (Ossuary)
  A leopard gecko skeleton (D:9)
  An orc zombie (Ossuary)
  A quokka zombie (D:8)
  7 rats
  2 rat zombies (Ossuary)
  A plant (D:3)
304 creatures vanquished.

Notes
Turn   | Place    | Note
-------+----------+-------------------------------------------
     0 | D:1      | Epan the Gargoyle Earth Elementalist began the quest for
                  | the Orb.
     0 | D:1      | Reached XP level 1. HP: 10/10 MP: 3/3
   274 | D:1      | Reached skill level 4 in Earth Magic
   274 | D:1      | Reached XP level 2. HP: 13/15 MP: 3/5
   801 | D:2      | Reached XP level 3. HP: 14/19 MP: 2/7
  1066 | D:2      | Learned a level 1 spell: Beastly Appendage
  1135 | D:2      | Reached skill level 1 in Transmutations
  1197 | D:2      | Reached XP level 4. HP: 21/24 MP: 2/8
  1432 | D:2      | Reached skill level 5 in Earth Magic
  1660 | D:2      | Reached XP level 5. HP: 17/28 MP: 2/10
  1735 | D:2      | Learned a level 5 spell: Lee's Rapid Deconstruction
  2465 | D:3      | Found a stormy altar of Qazlal.
  3059 | D:4      | Reached XP level 6. HP: 32/32 MP: 8/11
  3064 | D:4      | Reached skill level 6 in Earth Magic
  3150 | D:4      | Reached XP level 7. HP: 36/36 MP: 10/13
  3432 | D:4      | Found a staircase to the Ecumenical Temple.
  3441 | Temple   | Entered the Ecumenical Temple
  3512 | Temple   | Became a worshipper of Vehumet
  3758 | D:4      | Noticed Anathary's ghost (amateur OpAs)
  3759 | D:4      | Found a transporter.
  3779 | D:4      | Found a transporter.
  3912 | D:5      | Entered Level 5 of the Dungeon
  3943 | D:5      | Found a sand-covered staircase.
  3952 | D:5      | Reached skill level 1 in Fighting
  3952 | D:5      | Reached skill level 1 in Maces & Flails
  3952 | D:5      | Reached skill level 1 in Armour
  3952 | D:5      | Reached skill level 1 in Evocations
  3962 | Ossuary  | Entered an ossuary
  4004 | Ossuary  | Reached * piety under Vehumet
  4004 | Ossuary  | Offered knowledge of Magic Dart by Vehumet.
  4015 | Ossuary  | Reached XP level 8. HP: 25/43 MP: 11/15
  4623 | D:5      | Reached skill level 7 in Earth Magic
  4711 | D:5      | Reached skill level 5 in Spellcasting
  5053 | D:5      | Found a shimmering blue altar of Sif Muna.
  5143 | D:5      | Found a snail-covered altar of Cheibriados.
  5252 | D:6      | Reached ** piety under Vehumet
  5252 | D:6      | Reached XP level 9. HP: 49/49 MP: 12/16
  5363 | D:6      | Offered knowledge of Freeze by Vehumet.
  5769 | D:6      | Got a crude robe
  5780 | D:6      | Identified the cursed +0 robe of Ykonosif {*Drain rF+++}
                  | (You found it on level 6 of the Dungeon)
  5831 | D:6      | Noticed Sigmund
  5835 | D:6      | Killed Sigmund
  6673 | D:7      | Offered knowledge of Dazzling Flash by Vehumet.
  6778 | D:7      | Reached *** piety under Vehumet
  6919 | D:7      | Reached skill level 8 in Earth Magic
  7172 | D:7      | Found a burning altar of Makhleb.
  7187 | D:7      | Found a basalt altar of Yredelemnul.
  7514 | D:8      | Reached XP level 10. HP: 44/56 MP: 18/18
  7559 | D:8      | Offered knowledge of Olgreb's Toxic Radiance by Vehumet.
  7803 | D:8      | Found a hide-covered altar of Uskayaw.
  7814 | D:8      | Found a glowing golden altar of the Shining One.
  7824 | D:8      | Noticed a seven-headed hydra
  7831 | D:8      | Killed a seven-headed hydra
  7843 | D:8      | Learned a level 3 spell: Stone Arrow
  7868 | D:8      | Reached skill level 5 in Transmutations
  8411 | D:9      | Found Teseonogi's Weapon Shop.
  8433 | D:9      | Learned a level 2 spell: Passwall
  8473 | D:9      | Found a glowing silver altar of Zin.
  8473 | D:9      | Noticed an angel
  8599 | D:9      | Found a staircase to the Orcish Mines.
  8619 | D:9      | Reached **** piety under Vehumet
  8619 | D:9      | Reached skill level 1 in Conjurations
  8620 | D:9      | Offered knowledge of Ignite Poison by Vehumet.
  8914 | D:9      | Found Sewiacot's Assorted Antiques.
  8954 | D:9      | Bought a scroll labeled GUM JYETOROUPA for 32 gold pieces
  8954 | D:9      | Bought a potion of heal wounds for 160 gold pieces
  8957 | D:9      | Bought a twisted ivory ring for 160 gold pieces
  8957 | D:9      | Bought a short bronze wand for 128 gold pieces
  9030 | D:9      | Found Etouptidu's Book Boutique.
  9428 | D:9      | Reached skill level 5 in Conjurations
  9702 | D:10     | Entered Level 10 of the Dungeon
  9708 | D:10     | Reached XP level 11. HP: 60/62 MP: 20/20
  9836 | D:10     | Reached ***** piety under Vehumet
  9917 | D:10     | Offered knowledge of Starburst by Vehumet.
 10115 | D:10     | Reached skill level 5 in Armour
 10200 | D:10     | Noticed a five-headed hydra
 10213 | D:10     | Killed a five-headed hydra
 10213 | D:10     | Reached skill level 5 in Fighting
 10347 | D:10     | Learned a level 6 spell: Starburst
 10371 | D:10     | Noticed a two-headed ogre
 10375 | D:10     | Killed a two-headed ogre
 10717 | D:11     | Reached skill level 1 in Fire Magic
 10732 | D:11     | Noticed Erica
 10734 | D:11     | Noticed a purple ugly thing
 10744 | D:11     | Killed Erica
 10744 | D:11     | Reached skill level 5 in Maces & Flails
 10751 | D:11     | Found a runed translucent door.
 10755 | D:11     | HP: 2/64 [acid (12)]
 10761 | D:11     | Noticed a white ugly thing
 10771 | D:11     | Identified a scroll of acquirement
 10771 | D:11     | Identified a +0 pair of boots of running (You acquired it
                  | on level 11 of the Dungeon)
 10776 | D:11     | Found a runed translucent door.
 10794 | D:11     | HP: 1/64 [iguana (6)]
 10797 | D:11     | Splashed by an acid dragon's acid

Levels and vault maps discovered:
D:1:      minmay_arrival_shattered_statue, layout_rooms
D:2:      layout_basic, first_ration
D:3:      layout_loops_cross, marbit_many_paths, lexackson_kobold_supper
D:4:      layout_rooms, minmay_temple_entry_purple_smoke, gammafunk_ghost_arena
D:5:      layout_rooms, kennysheep_slug_shrine, lemuel_coloured_pillars_altar,
          lightli_ossuary_entry_decrepit_ruins
D:6:      layout_layer_cave, uniq_sigmund
D:7:      layout_loops_ring, overflow_temple_1_default, lemuel_crystal_altar
D:8:      layout_cave_pools, chequers_temple_overflow_statue_of_worship,
          serial_undead, serial_undead_e, serial_undead_b, serial_undead_b,
          serial_undead_d, serial_undead_e, serial_undead_e, serial_undead_d,
          serial_undead_c, grunt_pizzeria
D:9:      layout_irregular_city, zin_angel, hiddenorc2_lemuel, serial_glass,
          glass_columns_c, glass_columns_b, due_unseen_surprise,
          item_on_display_a, minmay_strange_pillars, serial_shops,
          nicolae_shop_crystal, shop_fountains, shop
D:10:     layout_roguey
D:11:     layout_cave_pools, dpeg_lair_monsters, muffindrake_ghost_dual_entry,
          serial_shops, shop_statue, uniq_harold, uniq_erica
Temple:   eino_temple_water

Skill      XL: |  1  2  3  4  5  6  7  8  9 10 11 |
---------------+----------------------------------+-----
Earth Magic    | 4 5 6 7 8 |  8.9
Transmutations | 1 2 3 4 5 |  5.0
Spellcasting   | 3 4 5 6 |  6.4
Fighting       | 1 2 4 5 |  5.2
Maces & Flails | 1 2 3 4 5 |  5.0
Armour         | 1 2 4 5 |  5.4
Evocations     | 1 2 3 4 |  4.5
Dodging        | 2 3 4 |  4.4
Conjurations   | 6 7 |  7.9
Fire Magic     | 1 |  1.7
Stealth        | |  2.1

Action                   |  1- 3 |  4- 6 |  7- 9 | 10-12 || total
-------------------------+-------+-------+-------+-------++-------
Melee: Unarmed           |    12 |       |       |       ||    12
       Dagger            |    37 |    88 |    76 |       ||   201
       Short sword       |    34 |    66 |       |       ||   100
       Whip              |       |       |   159 |   233 ||   392
       Flail             |       |       |    16 |       ||    16
       Kick              |       |       |       |     1 ||     1
 Cast: Sandblast         |    30 |    31 |   168 |    98 ||   327
       Lee's Rapid Decon |       |       |     4 |    22 ||    26
       Beastly Appendage |       |       |     1 |     2 ||     3
       Passwall          |       |       |       |     4 ||     4
       Stone Arrow       |       |       |       |     1 ||     1
Evoke: Wand              |       |       |     4 |       ||     4
  Use: Scroll            |     4 |     3 |    10 |     9 ||    26
       Potion            |       |       |     6 |     4 ||    10
 Stab: Sleeping          |     1 |     5 |     2 |     1 ||     9
  Eat: Chunk             |     1 |     7 |    11 |    13 ||    32
       Ration            |       |       |     1 |     1 ||     2
Armor: Robe              |    27 |    64 |   162 |   108 ||   361
       Skin              |       |       |    19 |       ||    19
Dodge: Dodged            |    69 |   105 |   277 |   178 ||   629

Table legend:
 A = Non-vault XP
 B = Vault XP
 C = Vault XP percentage of total XP
 D = Non-vault monster count
 E = Vault monster count
 F = Vault count percentage of total count
                 A         B        C        D         E       F
            +---------+---------+-------+---------+---------+-------
      Total |   10762 |    3053 |  22.1 |     229 |      74 |  24.4
            +---------+---------+-------+---------+---------+-------
        D:1 |      25 |       0 |   0.0 |      16 |       0 |   0.0
        D:2 |     193 |       0 |   0.0 |      25 |       0 |   0.0
        D:3 |      81 |      18 |  18.2 |      19 |       9 |  32.1
        D:4 |     572 |       0 |   0.0 |      26 |       0 |   0.0
        D:5 |    1021 |       4 |   0.4 |      28 |       1 |   3.4
        D:6 |     614 |     208 |  25.3 |      15 |       1 |   6.2
        D:7 |    1306 |       0 |   0.0 |      31 |       0 |   0.0
        D:8 |    1469 |    1002 |  40.6 |      10 |      14 |  58.3
        D:9 |    1638 |     532 |  24.5 |      17 |      32 |  65.3
       D:10 |    3355 |       0 |   0.0 |      35 |       0 |   0.0
       D:11 |     488 |     918 |  65.3 |       7 |       1 |  12.5
    Ossuary |       0 |     371 | 100.0 |       0 |      16 | 100.0
            +---------+---------+-------+---------+---------+-------
